[ AOE2 MATCH · #479655349 ]
Team RMVikings vs Vietnamese
[ REPLAY ANALYSIS · EXTRACTED FROM THE RECORDED GAME ]
Feudal
13:47
Castle
17:23
Imperial
—
| APM avg | 39.7 |
| APM peak | 89 |
| eAPM avg | 26.6 |
| Villagers / military | 70 / 24 |
Focus
⚔️ 51.1% · 🌾 48.9%
Fishing Ship ×24 · Knight ×11 · Spearman ×7 · Scorpion ×5 · Mangonel ×1
Feudal
13:58
Castle
29:16
Imperial
—
| APM avg | 56.4 |
| APM peak | 113 |
| eAPM avg | 26.8 |
| Villagers / military | 75 / 64 |
Focus
⚔️ 42.0% · 🌾 58.0%
Archer ×41 · Militia ×12 · Fishing Ship ×6 · Petard ×6 · Battering Ram ×3 · Rattan Archer ×2
Feudal
12:33
Castle
19:24
Imperial
—
| APM avg | 34.9 |
| APM peak | 73 |
| eAPM avg | 20.6 |
| Villagers / military | 66 / 32 |
Focus
⚔️ 29.2% · 🌾 70.8%
Fire Galley ×12 · Fishing Ship ×9 · Genoese Crossbowman ×9 · Unknown (2626) ×7 · Galley ×4 · Mangonel ×3
Feudal
16:37
Castle
31:40
Imperial
—
| APM avg | 33.1 |
| APM peak | 70 |
| eAPM avg | 13.2 |
| Villagers / military | 43 / 1 |
Focus
⚔️ 31.2% · 🌾 68.8%
Fishing Ship ×8 · Mangonel ×1
Feudal
13:58
Castle
24:20
Imperial
32:31
| APM avg | 55.4 |
| APM peak | 94 |
| eAPM avg | 23.8 |
| Villagers / military | 77 / 36 |
Focus
⚔️ 36.9% · 🌾 63.1%
Fishing Ship ×25 · Scout Cavalry ×11 · Archer ×10 · Berserk ×7 · Mangonel ×4 · Knight ×2
Feudal
14:01
Castle
22:09
Imperial
—
| APM avg | 28.4 |
| APM peak | 54 |
| eAPM avg | 18.3 |
| Villagers / military | 138 / 39 |
Focus
⚔️ 19.3% · 🌾 80.7%
Conquistador ×28 · Fishing Ship ×12 · Battering Ram ×8 · Mangonel ×3
Feudal
11:46
Castle
20:13
Imperial
36:16
| APM avg | 50.8 |
| APM peak | 107 |
| eAPM avg | 18.2 |
| Villagers / military | 107 / 44 |
Focus
⚔️ 27.0% · 🌾 73.0%
Galley ×38 · Fishing Ship ×15 · Unknown (2626) ×4 · Transport Ship ×4 · Fire Galley ×2
Feudal
16:12
Castle
31:00
Imperial
—
| APM avg | 45.3 |
| APM peak | 108 |
| eAPM avg | 27.2 |
| Villagers / military | 144 / 60 |
Focus
⚔️ 36.4% · 🌾 63.6%
Archer ×44 · War Wagon ×16 · Fishing Ship ×11
Match map
Initial resources + every placement click. Lines = walls · curves = elevation contours. ◆ gold · ⬟ stone · ● berries · ✦ relic · ◌ wall gap
Your base· Open — unwalled flank
Sein's base· Open — 2t gap
DS_lord dekko's base· Open — unwalled flank
SKYRIM's base· Open — 10t gap
Xiang914's base· Open — 7t gap
BøM_八府巡案包龍星's base· Open — 2t gap
尼爾's base· Open — 13t gap
Old_two's base· Open — 6t gap
Smoothed initial terrain · ◌ = detected wall gap · hover for details
Inputs per minute
— IamSheuu - - Sein
Build order — IamSheuu
First 150 of 188 actions detected
| 0:23 | Build | Town Center |
| 1:09 | Build | Dock |
| 2:44 | Create | Villager (Male) |
| 2:45 | Create | Villager (Male) |
| 3:06 | Build | House |
| 3:11 | Create | Villager (Male) |
| 3:11 | Create | Villager (Male) |
| 3:38 | Create | Villager (Male) |
| 3:38 | Create | Villager (Male) |
| 3:56 | Create | Fishing Ship |
| 3:56 | Create | Fishing Ship |
| 4:38 | Create | Villager (Male) |
| 4:48 | Research | Loom |
| 4:55 | Build | House |
| 5:29 | Create | Villager (Male) |
| 5:30 | Create | Villager (Male) |
| 5:40 | Create | Villager (Male) |
| 5:40 | Create | Villager (Male) |
| 5:43 | Create | Fishing Ship |
| 5:43 | Create | Fishing Ship |
| 6:05 | Create | Villager (Male) |
| 6:06 | Create | Villager (Male) |
| 6:35 | Create | Villager (Male) |
| 6:35 | Create | Villager (Male) |
| 6:48 | Create | Fishing Ship |
| 6:48 | Create | Fishing Ship |
| 7:03 | Build | House |
| 7:06 | Build | House |
| 7:25 | Create | Villager (Male) |
| 7:35 | Create | Fishing Ship |
| 7:35 | Create | Fishing Ship |
| 7:58 | Create | Villager (Male) |
| 8:17 | Build | House |
| 8:39 | Create | Villager (Male) |
| 8:40 | Create | Villager (Male) |
| 8:45 | Create | Fishing Ship |
| 9:15 | Build | House |
| 9:31 | Build | House |
| 9:46 | Create | Villager (Male) |
| 9:47 | Create | Villager (Male) |
| 9:49 | Build | House |
| 9:59 | Create | Fishing Ship |
| 10:00 | Create | Villager (Male) |
| 10:20 | Create | Fishing Ship |
| 10:21 | Create | Villager (Male) |
| 11:04 | Build | Mining Camp |
| 11:37 | Research | Feudal Age |
| 11:38 | Research | Feudal Age |
| 11:46 | Build | Mill |
| 13:47 | Age | Feudal Age |
| 13:49 | Build | Market |
| 13:51 | Build | Blacksmith |
| 13:57 | Create | Villager (Male) |
| 14:04 | Build | House |
| 14:11 | Build | Palisade Gate |
| 14:12 | Build | House |
| 14:43 | Research | Castle Age |
| 14:43 | Research | Castle Age |
| 15:03 | Build | Barracks |
| 15:05 | Build | House |
| 15:07 | Build | Palisade Wall |
| 15:34 | Build | Watch Tower |
| 16:17 | Build | Lumber Camp |
| 16:58 | Research | Double-Bit Axe |
| 16:58 | Research | Double-Bit Axe |
| 16:59 | Create | Spearman |
| 17:23 | Age | Castle Age |
| 17:59 | Research | Bow Saw |
| 18:00 | Create | Villager (Male) |
| 18:15 | Create | Villager (Male) |
| 18:35 | Create | Villager (Male) |
| 18:43 | Create | Spearman |
| 18:47 | Build | Town Center |
| 18:55 | Create | Villager (Male) |
| 18:56 | Create | Villager (Male) |
| 18:57 | Create | Villager (Male) |
| 19:19 | Build | House |
| 19:27 | Create | Villager (Male) |
| 19:43 | Create | Villager (Male) |
| 19:44 | Create | Villager (Male) |
| 19:45 | Create | Villager (Male) |
| 19:51 | Create | Villager (Male) |
| 19:52 | Create | Fishing Ship |
| 19:53 | Create | Fishing Ship |
| 20:14 | Research | Tech 906 |
| 20:39 | Create | Villager (Male) |
| 20:46 | Build | Dock |
| 21:01 | Create | Fishing Ship |
| 21:01 | Create | Fishing Ship |
| 21:06 | Create | Villager (Male) |
| 21:32 | Build | House |
| 21:38 | Create | Fishing Ship |
| 21:38 | Create | Fishing Ship |
| 21:38 | Create | Fishing Ship |
| 21:41 | Build | House |
| 21:44 | Create | Spearman |
| 21:46 | Build | House |
| 21:48 | Build | House |
| 21:50 | Build | Palisade Wall |
| 21:56 | Build | Palisade Wall |
| 22:18 | Create | Spearman |
| 22:18 | Create | Spearman |
| 22:30 | Create | Spearman |
| 22:30 | Create | Spearman |
| 22:36 | Build | House |
| 22:38 | Build | Palisade Wall |
| 22:49 | Build | Siege Workshop |
| 23:07 | Build | Town Center |
| 23:15 | Build | House |
| 23:42 | Create | Villager (Male) |
| 23:42 | Create | Villager (Male) |
| 23:48 | Create | Scorpion |
| 24:02 | Create | Villager (Male) |
| 24:17 | Create | Scorpion |
| 24:18 | Create | Scorpion |
| 24:36 | Create | Villager (Male) |
| 24:36 | Create | Villager (Male) |
| 24:36 | Create | Villager (Male) |
| 24:37 | Create | Villager (Male) |
| 24:49 | Create | Villager (Male) |
| 24:49 | Create | Villager (Male) |
| 24:49 | Create | Villager (Male) |
| 24:53 | Create | Fishing Ship |
| 24:53 | Create | Fishing Ship |
| 25:07 | Create | Fishing Ship |
| 25:07 | Create | Fishing Ship |
| 25:26 | Build | House |
| 25:29 | Build | Outpost |
| 25:34 | Create | Villager (Male) |
| 25:34 | Create | Villager (Male) |
| 25:34 | Create | Villager (Male) |
| 25:36 | Create | Scorpion |
| 25:49 | Create | Villager (Male) |
| 25:49 | Create | Villager (Male) |
| 25:52 | Build | Outpost |
| 25:53 | Create | Villager (Male) |
| 25:54 | Create | Villager (Male) |
| 26:06 | Create | Mangonel |
| 26:37 | Build | Mining Camp |
| 26:42 | Research | Stone Mining |
| 26:42 | Research | Stone Mining |
| 27:19 | Research | Fletching |
| 27:20 | Create | Villager (Male) |
| 27:20 | Create | Villager (Male) |
| 27:45 | Create | Villager (Male) |
| 28:21 | Create | Villager (Male) |
| 28:22 | Create | Villager (Male) |
| 28:23 | Create | Villager (Male) |
| 28:24 | Create | Villager (Male) |
| 28:24 | Create | Villager (Male) |
Build order — Sein
First 150 of 239 actions detected
| 0:21 | Build | Town Center |
| 1:06 | Build | Dock |
| 1:11 | Build | House |
| 2:27 | Build | Palisade Wall |
| 2:44 | Create | Villager (Male) |
| 2:44 | Create | Villager (Male) |
| 2:44 | Create | Villager (Male) |
| 2:45 | Create | Villager (Male) |
| 3:52 | Create | Fishing Ship |
| 4:00 | Build | Palisade Wall |
| 4:18 | Build | House |
| 4:30 | Build | House |
| 4:37 | Create | Villager (Male) |
| 5:02 | Create | Fishing Ship |
| 5:12 | Build | House |
| 5:20 | Create | Villager (Male) |
| 5:20 | Create | Villager (Male) |
| 5:28 | Create | Fishing Ship |
| 5:52 | Create | Villager (Male) |
| 5:52 | Create | Villager (Male) |
| 6:17 | Create | Fishing Ship |
| 6:22 | Create | Villager (Male) |
| 6:30 | Build | House |
| 6:53 | Research | Loom |
| 6:59 | Create | Villager (Male) |
| 6:59 | Create | Villager (Male) |
| 7:18 | Create | Fishing Ship |
| 7:36 | Create | Villager (Male) |
| 8:03 | Create | Villager (Male) |
| 8:07 | Create | Fishing Ship |
| 8:10 | Create | Villager (Male) |
| 8:27 | Build | House |
| 8:42 | Create | Villager (Male) |
| 8:55 | Build | Mining Camp |
| 9:22 | Create | Villager (Male) |
| 9:37 | Create | Villager (Male) |
| 9:47 | Build | House |
| 9:56 | Create | Villager (Male) |
| 10:14 | Build | House |
| 10:22 | Create | Villager (Male) |
| 11:07 | Create | Villager (Male) |
| 11:24 | Build | Barracks |
| 11:48 | Research | Feudal Age |
| 12:11 | Build | Mill |
| 12:25 | Build | Outpost |
| 12:28 | Build | Lumber Camp |
| 12:33 | Build | House |
| 12:59 | Create | Villager (Male) |
| 13:10 | Build | House |
| 13:35 | Build | House |
| 13:46 | Build | House |
| 13:57 | Build | House |
| 13:58 | Age | Feudal Age |
| 14:02 | Build | Archery Range |
| 14:04 | Create | Militia |
| 14:05 | Create | Villager (Male) |
| 14:21 | Research | Double-Bit Axe |
| 14:32 | Create | Militia |
| 14:36 | Create | Villager (Male) |
| 14:46 | Create | Villager (Male) |
| 14:47 | Create | Archer |
| 14:56 | Build | Blacksmith |
| 14:56 | Create | Villager (Male) |
| 15:18 | Build | Watch Tower |
| 15:27 | Create | Villager (Male) |
| 15:31 | Create | Archer |
| 15:44 | Create | Archer |
| 15:49 | Build | House |
| 15:57 | Create | Villager (Male) |
| 16:25 | Create | Villager (Male) |
| 16:31 | Create | Archer |
| 16:39 | Research | Fletching |
| 16:56 | Build | Watch Tower |
| 16:57 | Create | Archer |
| 16:59 | Create | Villager (Male) |
| 17:10 | Create | Archer |
| 17:10 | Create | Villager (Male) |
| 17:17 | Create | Archer |
| 17:18 | Create | Villager (Male) |
| 17:22 | Build | House |
| 17:28 | Build | Stone Wall |
| 17:31 | Build | House |
| 17:52 | Create | Archer |
| 17:55 | Create | Villager (Male) |
| 18:00 | Create | Villager (Male) |
| 18:03 | Create | Villager (Male) |
| 18:05 | Build | Mining Camp |
| 18:12 | Create | Villager (Male) |
| 18:26 | Create | Archer |
| 18:40 | Build | Market |
| 18:43 | Create | Villager (Male) |
| 19:17 | Build | Watch Tower |
| 19:18 | Create | Villager (Male) |
| 19:23 | Create | Archer |
| 19:52 | Create | Villager (Male) |
| 20:03 | Create | Archer |
| 20:04 | Create | Villager (Male) |
| 20:16 | Create | Villager (Male) |
| 20:39 | Create | Villager (Male) |
| 20:49 | Build | Watch Tower |
| 20:51 | Create | Archer |
| 20:56 | Build | House |
| 20:59 | Create | Archer |
| 21:07 | Research | Padded Archer Armor |
| 21:15 | Create | Villager (Male) |
| 21:32 | Create | Villager (Male) |
| 21:34 | Build | House |
| 21:36 | Create | Villager (Male) |
| 22:11 | Create | Archer |
| 22:19 | Create | Archer |
| 22:23 | Create | Villager (Male) |
| 22:39 | Create | Villager (Male) |
| 22:54 | Build | House |
| 23:32 | Create | Archer |
| 23:48 | Build | Mining Camp |
| 24:20 | Create | Archer |
| 24:26 | Build | Mill |
| 24:27 | Create | Villager (Male) |
| 24:28 | Create | Villager (Male) |
| 24:31 | Build | House |
| 24:35 | Build | Watch Tower |
| 24:43 | Build | Outpost |
| 24:55 | Build | Mill |
| 24:56 | Build | Farm |
| 24:56 | Build | Farm |
| 24:56 | Build | Farm |
| 24:56 | Build | Farm |
| 24:57 | Build | Farm |
| 24:57 | Build | Farm |
| 24:57 | Build | Farm |
| 24:57 | Build | Farm |
| 24:58 | Build | Farm |
| 24:58 | Build | Farm |
| 24:58 | Build | Farm |
| 25:01 | Create | Archer |
| 25:12 | Create | Archer |
| 25:51 | Create | Archer |
| 25:57 | Build | Watch Tower |
| 25:59 | Create | Archer |
| 26:04 | Build | House |
| 26:06 | Create | Militia |
| 26:07 | Build | House |
| 26:10 | Create | Archer |
| 26:14 | Build | House |
| 26:16 | Create | Archer |
| 26:22 | Build | Watch Tower |
| 26:24 | Create | Archer |
| 26:31 | Create | Villager (Male) |
| 26:36 | Research | Castle Age |
| 26:46 | Build | Archery Range |
Build order — DS_lord dekko
First 150 of 171 actions detected
| 0:10 | Build | Town Center |
| 0:31 | Build | House |
| 1:22 | Build | Dock |
| 2:29 | Create | Villager (Male) |
| 2:29 | Create | Villager (Male) |
| 2:29 | Create | Villager (Male) |
| 2:30 | Create | Villager (Male) |
| 2:30 | Create | Villager (Male) |
| 3:12 | Create | Fishing Ship |
| 3:58 | Create | Villager (Male) |
| 3:58 | Create | Villager (Male) |
| 4:00 | Build | House |
| 4:23 | Create | Villager (Male) |
| 4:24 | Create | Villager (Male) |
| 4:46 | Create | Villager (Male) |
| 4:46 | Create | Villager (Male) |
| 4:46 | Create | Villager (Male) |
| 5:06 | Create | Fishing Ship |
| 5:06 | Create | Fishing Ship |
| 5:10 | Create | Villager (Male) |
| 5:10 | Create | Villager (Male) |
| 5:10 | Create | Villager (Male) |
| 5:30 | Create | Villager (Male) |
| 5:30 | Create | Villager (Male) |
| 5:43 | Build | House |
| 5:54 | Create | Villager (Male) |
| 5:55 | Create | Villager (Male) |
| 6:09 | Create | Fishing Ship |
| 6:30 | Create | Villager (Male) |
| 6:30 | Create | Villager (Male) |
| 6:39 | Create | Fishing Ship |
| 7:08 | Build | House |
| 7:22 | Create | Villager (Male) |
| 7:25 | Create | Fishing Ship |
| 7:50 | Build | Lumber Camp |
| 7:52 | Create | Villager (Male) |
| 8:10 | Create | Fishing Ship |
| 8:12 | Create | Villager (Male) |
| 8:16 | Build | House |
| 8:48 | Create | Villager (Male) |
| 9:14 | Research | Loom |
| 9:41 | Build | Mill |
| 10:23 | Research | Feudal Age |
| 10:57 | Build | Dock |
| 11:19 | Build | House |
| 11:20 | Build | House |
| 11:51 | Create | Villager (Male) |
| 12:09 | Build | Palisade Wall |
| 12:33 | Age | Feudal Age |
| 12:35 | Create | Unit 2626 |
| 12:35 | Create | Unit 2626 |
| 12:38 | Research | Double-Bit Axe |
| 12:40 | Build | Blacksmith |
| 12:42 | Create | Villager (Male) |
| 12:56 | Build | Palisade Wall |
| 13:04 | Create | Unit 2626 |
| 13:36 | Create | Unit 2626 |
| 13:38 | Create | Villager (Male) |
| 13:39 | Create | Villager (Male) |
| 13:47 | Create | Villager (Male) |
| 14:07 | Create | Villager (Male) |
| 14:23 | Create | Unit 2626 |
| 14:23 | Create | Unit 2626 |
| 14:32 | Create | Villager (Male) |
| 14:40 | Create | Villager (Male) |
| 14:50 | Build | Market |
| 14:51 | Create | Villager (Male) |
| 15:31 | Create | Fishing Ship |
| 15:31 | Create | Fishing Ship |
| 15:45 | Create | Villager (Male) |
| 15:48 | Build | House |
| 15:49 | Create | Villager (Male) |
| 16:01 | Build | House |
| 16:30 | Create | Galley |
| 16:30 | Create | Galley |
| 16:44 | Research | Castle Age |
| 16:46 | Create | Villager (Male) |
| 16:48 | Build | Mining Camp |
| 17:15 | Create | Galley |
| 17:15 | Create | Galley |
| 17:16 | Create | Villager (Male) |
| 17:37 | Create | Fire Galley |
| 17:37 | Create | Fire Galley |
| 17:37 | Create | Fire Galley |
| 17:55 | Research | Fletching |
| 17:57 | Create | Villager (Male) |
| 18:09 | Create | Villager (Male) |
| 18:58 | Create | Unit 2626 |
| 19:06 | Create | Fire Galley |
| 19:06 | Create | Fire Galley |
| 19:06 | Create | Fire Galley |
| 19:09 | Create | Fire Galley |
| 19:09 | Create | Fire Galley |
| 19:09 | Create | Fire Galley |
| 19:20 | Create | Villager (Male) |
| 19:24 | Age | Castle Age |
| 19:35 | Research | War Galley (upgrade) |
| 19:59 | Create | Villager (Male) |
| 20:47 | Build | Castle |
| 20:50 | Build | Mining Camp |
| 20:51 | Create | Villager (Male) |
| 21:02 | Create | Villager (Male) |
| 21:25 | Create | Fire Galley |
| 21:25 | Create | Fire Galley |
| 21:26 | Create | Fire Galley |
| 22:05 | Build | Castle |
| 22:07 | Create | Villager (Male) |
| 22:17 | Build | Palisade Wall |
| 22:20 | Build | Palisade Wall |
| 22:21 | Build | Palisade Wall |
| 22:28 | Create | Villager (Male) |
| 22:48 | Create | Villager (Male) |
| 23:01 | Build | House |
| 23:02 | Create | Villager (Male) |
| 23:04 | Build | House |
| 23:33 | Create | Villager (Male) |
| 23:52 | Create | Villager (Male) |
| 23:54 | Build | House |
| 23:55 | Build | House |
| 24:25 | Create | Villager (Male) |
| 24:47 | Create | Villager (Male) |
| 24:59 | Build | House |
| 25:00 | Build | House |
| 25:12 | Build | Town Center |
| 25:19 | Build | Siege Workshop |
| 25:42 | Create | Villager (Male) |
| 25:52 | Build | Castle |
| 25:53 | Create | Villager (Male) |
| 25:55 | Create | Villager (Male) |
| 26:17 | Create | Villager (Male) |
| 26:23 | Create | Scorpion |
| 26:23 | Create | Scorpion |
| 26:34 | Build | House |
| 26:36 | Build | House |
| 26:45 | Build | House |
| 26:47 | Build | House |
| 27:14 | Create | Genoese Crossbowman |
| 27:14 | Create | Genoese Crossbowman |
| 27:14 | Create | Genoese Crossbowman |
| 27:53 | Build | House |
| 27:54 | Build | House |
| 27:55 | Build | House |
| 27:59 | Create | Genoese Crossbowman |
| 27:59 | Create | Genoese Crossbowman |
| 27:59 | Create | Genoese Crossbowman |
| 28:15 | Build | Palisade Wall |
| 28:37 | Create | Genoese Crossbowman |
| 28:37 | Create | Genoese Crossbowman |
| 28:37 | Create | Genoese Crossbowman |
| 28:48 | Build | Farm |
Build order — SKYRIM
130 actions detected in the replay
| 0:09 | Build | Town Center |
| 1:08 | Build | House |
| 1:26 | Build | Dock |
| 2:32 | Create | Villager (Male) ×5 |
| 3:15 | Create | Fishing Ship |
| 4:24 | Create | Villager (Male) |
| 4:24 | Create | Villager (Male) |
| 4:26 | Create | Fishing Ship |
| 4:37 | Research | Loom |
| 4:39 | Build | House |
| 4:50 | Create | Villager (Male) |
| 5:13 | Create | Villager (Male) |
| 5:14 | Create | Villager (Male) |
| 5:14 | Create | Villager (Male) |
| 5:39 | Build | House |
| 6:12 | Create | Fishing Ship |
| 6:13 | Create | Fishing Ship |
| 6:16 | Create | Villager (Male) |
| 6:16 | Create | Villager (Male) |
| 6:26 | Create | Villager (Male) |
| 6:26 | Create | Villager (Male) |
| 6:39 | Create | Villager (Male) |
| 7:06 | Build | Lumber Camp |
| 7:23 | Create | Villager (Male) |
| 7:34 | Create | Villager (Male) |
| 8:13 | Build | House |
| 9:16 | Build | Town Center |
| 9:27 | Build | Palisade Wall |
| 9:32 | Build | Palisade Wall |
| 9:53 | Build | House |
| 10:00 | Create | Fishing Ship |
| 11:27 | Build | Town Center |
| 11:35 | Build | Palisade Wall |
| 12:19 | Build | House |
| 13:45 | Create | Villager (Male) |
| 13:46 | Create | Villager (Male) |
| 13:51 | Create | Fishing Ship |
| 13:52 | Create | Fishing Ship |
| 14:17 | Create | Villager (Male) |
| 14:20 | Research | Feudal Age |
| 15:12 | Create | Villager (Male) |
| 15:33 | Build | House |
| 15:48 | Build | Mining Camp |
| 16:09 | Create | Villager (Male) |
| 16:37 | Age | Feudal Age |
| 16:59 | Build | Blacksmith |
| 17:04 | Build | Barracks |
| 17:15 | Build | Mill |
| 17:23 | Create | Villager (Male) |
| 17:29 | Create | Fishing Ship |
| 18:39 | Build | Market |
| 18:48 | Research | Double-Bit Axe |
| 18:53 | Build | Farm |
| 19:07 | Build | Outpost |
| 19:09 | Build | Outpost |
| 19:23 | Build | Farm |
| 19:56 | Build | Outpost |
| 20:02 | Create | Villager (Male) |
| 20:03 | Create | Villager (Male) |
| 20:36 | Build | Palisade Wall |
| 20:41 | Build | Palisade Wall |
| 20:43 | Create | Villager (Male) |
| 21:05 | Create | Villager (Male) |
| 21:23 | Build | Watch Tower |
| 21:34 | Create | Villager (Male) |
| 21:51 | Research | Fletching |
| 22:01 | Build | Palisade Wall |
| 22:01 | Build | Palisade Wall |
| 22:02 | Build | Palisade Wall |
| 22:02 | Build | Palisade Wall |
| 22:04 | Build | Palisade Wall |
| 22:04 | Build | Palisade Wall |
| 22:05 | Build | Palisade Wall |
| 22:05 | Build | Palisade Wall |
| 22:13 | Build | Palisade Wall |
| 22:22 | Create | Villager (Male) |
| 22:23 | Create | Villager (Male) |
| 23:06 | Build | Outpost |
| 23:07 | Create | Villager (Male) |
| 23:09 | Create | Villager (Male) |
| 23:11 | Build | Farm |
| 23:16 | Build | House |
| 23:18 | Build | Palisade Wall |
| 23:25 | Build | Farm |
| 23:25 | Build | Farm |
| 23:25 | Build | Farm |
| 23:26 | Build | Farm |
| 23:26 | Build | Farm |
| 23:56 | Create | Villager (Male) |
| 23:56 | Create | Villager (Male) |
| 24:07 | Build | Watch Tower |
| 24:34 | Build | Palisade Wall |
| 24:37 | Build | Palisade Wall |
| 24:44 | Build | Outpost |
| 24:46 | Create | Villager (Male) |
| 24:46 | Create | Villager (Male) |
| 25:10 | Build | Watch Tower |
| 25:23 | Create | Villager (Male) |
| 25:23 | Create | Villager (Male) |
| 25:57 | Build | Palisade Wall |
| 26:19 | Build | Watch Tower |
| 26:35 | Create | Villager (Male) |
| 26:35 | Create | Villager (Male) |
| 26:35 | Create | Villager (Male) |
| 26:37 | Build | Farm |
| 26:37 | Build | Farm |
| 26:37 | Build | Farm |
| 26:38 | Build | Farm |
| 28:41 | Build | Farm |
| 28:44 | Build | House |
| 28:45 | Build | Palisade Wall |
| 29:03 | Build | House |
| 29:08 | Create | Villager (Male) |
| 29:15 | Research | Castle Age |
| 29:15 | Research | Castle Age |
| 29:29 | Build | House |
| 29:46 | Build | House |
| 29:52 | Build | Palisade Wall |
| 30:07 | Build | House |
| 30:15 | Build | House |
| 30:37 | Build | Gate |
| 31:08 | Build | Watch Tower |
| 31:20 | Build | Lumber Camp |
| 31:36 | Build | Stone Wall |
| 31:40 | Age | Castle Age |
| 31:46 | Build | Siege Workshop |
| 32:33 | Create | Mangonel |
| 33:21 | Build | Watch Tower |
| 36:48 | Build | Stone Wall |
| 36:50 | Build | Stone Wall |
Build order — Xiang914
First 150 of 226 actions detected
| 0:05 | Build | Town Center |
| 1:03 | Build | House |
| 1:05 | Build | Dock |
| 1:35 | Build | Palisade Wall |
| 1:36 | Build | Palisade Wall |
| 1:37 | Build | Palisade Wall |
| 2:10 | Build | House |
| 2:38 | Create | Villager (Male) |
| 2:38 | Create | Villager (Male) |
| 2:38 | Create | Villager (Male) |
| 2:38 | Create | Villager (Male) |
| 2:39 | Create | Villager (Male) |
| 4:09 | Create | Villager (Male) |
| 4:37 | Build | House |
| 4:42 | Research | Loom |
| 4:59 | Create | Villager (Male) |
| 4:59 | Create | Villager (Male) |
| 5:01 | Create | Fishing Ship |
| 5:38 | Create | Villager (Male) |
| 5:46 | Build | House |
| 6:03 | Create | Fishing Ship |
| 6:08 | Create | Villager (Male) |
| 6:09 | Create | Villager (Male) |
| 6:37 | Create | Fishing Ship |
| 6:42 | Create | Villager (Male) |
| 6:42 | Create | Villager (Male) |
| 6:52 | Build | House |
| 7:08 | Create | Villager (Male) |
| 7:12 | Build | House |
| 7:31 | Create | Fishing Ship |
| 7:42 | Create | Villager (Male) |
| 8:04 | Build | House |
| 8:05 | Create | Villager (Male) |
| 8:06 | Create | Villager (Male) |
| 8:32 | Create | Villager (Male) |
| 8:45 | Create | Fishing Ship |
| 8:51 | Create | Villager (Male) |
| 8:59 | Create | Fishing Ship |
| 9:12 | Create | Villager (Male) |
| 9:26 | Create | Villager (Male) |
| 9:29 | Create | Fishing Ship |
| 9:51 | Build | House |
| 9:53 | Create | Villager (Male) |
| 10:29 | Build | Mill |
| 10:36 | Create | Villager (Male) |
| 10:53 | Create | Fishing Ship |
| 11:11 | Build | House |
| 11:12 | Create | Villager (Male) |
| 11:18 | Create | Fishing Ship |
| 11:22 | Create | Fishing Ship |
| 11:48 | Research | Feudal Age |
| 11:52 | Build | Mining Camp |
| 12:07 | Build | House |
| 12:20 | Build | Palisade Wall |
| 12:22 | Build | Palisade Wall |
| 12:26 | Build | Palisade Wall |
| 12:28 | Build | Palisade Wall |
| 12:32 | Build | Palisade Wall |
| 12:34 | Build | Palisade Wall |
| 12:36 | Build | Palisade Wall |
| 12:38 | Build | Palisade Wall |
| 12:39 | Build | Palisade Wall |
| 13:00 | Build | Barracks |
| 13:36 | Create | Villager (Male) |
| 13:36 | Create | Villager (Male) |
| 13:58 | Age | Feudal Age |
| 14:04 | Build | Stable |
| 14:12 | Build | Blacksmith |
| 14:25 | Build | House |
| 14:27 | Build | Palisade Wall |
| 14:39 | Create | Scout Cavalry |
| 14:39 | Create | Scout Cavalry |
| 14:42 | Create | Villager (Male) |
| 14:44 | Create | Scout Cavalry |
| 15:07 | Build | Watch Tower |
| 15:08 | Create | Villager (Male) |
| 15:23 | Create | Villager (Male) |
| 15:28 | Build | Stone Wall |
| 15:29 | Build | Stone Wall |
| 15:40 | Create | Scout Cavalry |
| 15:42 | Research | Forging |
| 15:42 | Research | Forging |
| 15:54 | Build | Mill |
| 16:01 | Create | Villager (Male) |
| 16:28 | Create | Villager (Male) |
| 16:43 | Build | Mining Camp |
| 16:51 | Create | Villager (Male) |
| 17:26 | Create | Villager (Male) |
| 17:27 | Create | Villager (Male) |
| 17:32 | Research | Scale Barding Armor |
| 17:46 | Create | Scout Cavalry |
| 17:46 | Create | Scout Cavalry |
| 17:56 | Build | House |
| 17:57 | Build | House |
| 18:16 | Create | Fishing Ship |
| 18:17 | Create | Fishing Ship |
| 18:17 | Create | Fishing Ship |
| 18:22 | Create | Villager (Male) |
| 18:27 | Build | Archery Range |
| 18:28 | Research | Fletching |
| 18:35 | Create | Scout Cavalry |
| 18:35 | Create | Scout Cavalry |
| 18:46 | Build | Mill |
| 19:00 | Create | Archer |
| 19:01 | Create | Archer |
| 19:01 | Create | Archer |
| 19:01 | Create | Archer |
| 19:06 | Create | Villager (Male) |
| 19:07 | Create | Villager (Male) |
| 19:07 | Create | Villager (Male) |
| 19:11 | Build | House |
| 19:22 | Create | Archer |
| 19:32 | Create | Villager (Male) |
| 20:15 | Create | Villager (Male) |
| 20:22 | Create | Archer |
| 20:32 | Build | Farm |
| 20:36 | Build | Farm |
| 20:40 | Build | Farm |
| 20:41 | Build | Farm |
| 20:43 | Build | Farm |
| 20:44 | Create | Villager (Male) |
| 20:59 | Build | Farm |
| 21:25 | Build | House |
| 21:25 | Build | House |
| 21:40 | Research | Castle Age |
| 23:04 | Create | Scout Cavalry |
| 23:04 | Create | Scout Cavalry |
| 23:20 | Create | Villager (Male) |
| 23:23 | Research | Gold Mining |
| 23:46 | Create | Scout Cavalry |
| 24:18 | Create | Villager (Male) |
| 24:19 | Create | Villager (Male) |
| 24:20 | Age | Castle Age |
| 24:22 | Build | Siege Workshop |
| 24:23 | Build | Siege Workshop |
| 24:26 | Research | Light Cavalry (upgrade) |
| 24:31 | Research | Bodkin Arrow |
| 24:36 | Create | Archer |
| 24:36 | Create | Archer |
| 24:45 | Create | Villager (Male) |
| 24:46 | Create | Mangonel |
| 24:58 | Research | Crossbowman (upgrade) |
| 24:58 | Research | Crossbowman (upgrade) |
| 25:13 | Create | Villager (Male) |
| 25:16 | Build | Farm |
| 25:16 | Build | Farm |
| 25:16 | Build | Farm |
| 25:16 | Build | Farm |
| 25:18 | Create | Mangonel |
| 25:19 | Create | Mangonel |
Build order — BøM_八府巡案包龍星
First 150 of 259 actions detected
| 0:05 | Build | Town Center |
| 0:54 | Build | House |
| 0:56 | Build | Dock |
| 2:41 | Create | Villager (Male) |
| 2:41 | Create | Villager (Male) |
| 2:41 | Create | Villager (Male) |
| 2:42 | Create | Villager (Male) |
| 2:42 | Create | Villager (Male) |
| 2:48 | Build | House |
| 3:46 | Create | Villager (Male) |
| 3:46 | Create | Villager (Male) |
| 4:33 | Build | House |
| 4:44 | Create | Villager (Male) |
| 4:44 | Create | Villager (Male) |
| 4:59 | Create | Villager (Male) |
| 5:00 | Create | Villager (Male) |
| 5:08 | Create | Fishing Ship |
| 5:46 | Create | Villager (Male) |
| 5:47 | Create | Villager (Male) |
| 6:10 | Create | Villager (Male) |
| 6:10 | Create | Villager (Male) |
| 6:16 | Build | House |
| 6:41 | Create | Fishing Ship |
| 6:42 | Create | Fishing Ship |
| 6:44 | Create | Villager (Male) |
| 6:44 | Create | Villager (Male) |
| 6:55 | Build | House |
| 7:10 | Create | Villager (Male) |
| 7:10 | Create | Villager (Male) |
| 7:12 | Research | Loom |
| 7:41 | Create | Fishing Ship |
| 7:47 | Create | Villager (Male) |
| 7:47 | Create | Villager (Male) |
| 7:47 | Create | Villager (Male) |
| 8:20 | Create | Villager (Male) |
| 8:20 | Create | Villager (Male) |
| 8:22 | Create | Fishing Ship |
| 8:23 | Create | Fishing Ship |
| 8:23 | Create | Fishing Ship |
| 8:53 | Create | Villager (Male) |
| 8:54 | Create | Villager (Male) |
| 8:54 | Create | Villager (Male) |
| 8:54 | Create | Villager (Male) |
| 9:08 | Build | Mill |
| 9:11 | Create | Villager (Male) |
| 9:11 | Create | Villager (Male) |
| 9:44 | Create | Villager (Male) |
| 9:44 | Create | Villager (Male) |
| 9:44 | Create | Villager (Male) |
| 9:52 | Create | Fishing Ship |
| 9:52 | Create | Fishing Ship |
| 9:57 | Create | Villager (Male) |
| 10:12 | Build | House |
| 10:24 | Create | Villager (Male) |
| 10:48 | Create | Fishing Ship |
| 10:48 | Create | Fishing Ship |
| 10:49 | Create | Villager (Male) |
| 10:50 | Create | Villager (Male) |
| 10:53 | Build | House |
| 11:19 | Build | Lumber Camp |
| 11:43 | Create | Villager (Male) |
| 11:43 | Create | Villager (Male) |
| 11:51 | Research | Feudal Age |
| 13:43 | Create | Fishing Ship |
| 13:53 | Build | House |
| 14:01 | Age | Feudal Age |
| 14:02 | Build | Mining Camp |
| 14:14 | Build | House |
| 14:20 | Build | House |
| 14:23 | Create | Villager (Male) |
| 14:24 | Create | Villager (Male) |
| 14:25 | Research | Double-Bit Axe |
| 14:38 | Create | Villager (Male) |
| 14:38 | Create | Villager (Male) |
| 15:21 | Create | Villager (Male) |
| 15:21 | Create | Villager (Male) |
| 16:33 | Build | Town Center |
| 16:42 | Build | Palisade Wall |
| 16:45 | Build | Palisade Wall |
| 16:50 | Build | Palisade Wall |
| 16:51 | Build | Palisade Wall |
| 16:52 | Build | Palisade Wall |
| 17:05 | Build | Palisade Wall |
| 17:06 | Build | Palisade Wall |
| 17:18 | Create | Villager (Male) |
| 17:18 | Create | Villager (Male) |
| 17:18 | Create | Villager (Male) |
| 17:18 | Create | Villager (Male) |
| 17:35 | Build | House |
| 18:13 | Build | Market |
| 18:18 | Create | Villager (Male) |
| 18:18 | Create | Villager (Male) |
| 18:25 | Build | Blacksmith |
| 19:29 | Research | Castle Age |
| 19:30 | Research | Castle Age |
| 19:32 | Build | Palisade Wall |
| 20:14 | Build | Mining Camp |
| 21:38 | Build | Palisade Wall |
| 22:09 | Age | Castle Age |
| 22:13 | Create | Villager (Male) |
| 22:13 | Create | Villager (Male) |
| 22:14 | Create | Villager (Male) |
| 22:24 | Build | Mining Camp |
| 22:39 | Build | Town Center |
| 22:41 | Create | Villager (Male) |
| 22:41 | Create | Villager (Male) |
| 23:07 | Research | Tech 906 |
| 23:27 | Research | Horse Collar |
| 23:29 | Create | Villager (Male) |
| 23:29 | Create | Villager (Male) |
| 23:30 | Create | Villager (Male) |
| 23:35 | Research | Bow Saw |
| 24:09 | Create | Villager (Male) |
| 24:09 | Create | Villager (Male) |
| 24:17 | Build | Siege Workshop |
| 24:18 | Create | Villager (Male) |
| 24:19 | Create | Villager (Male) |
| 24:24 | Create | Villager (Male) |
| 24:24 | Create | Villager (Male) |
| 24:41 | Build | Palisade Wall |
| 24:55 | Create | Mangonel |
| 24:55 | Create | Mangonel |
| 25:15 | Build | House |
| 25:23 | Build | House |
| 25:30 | Create | Mangonel |
| 25:51 | Build | House |
| 25:54 | Build | House |
| 25:58 | Research | Fletching |
| 26:10 | Build | Palisade Wall |
| 26:28 | Create | Villager (Male) |
| 26:28 | Create | Villager (Male) |
| 26:28 | Create | Villager (Male) |
| 26:33 | Research | Wheelbarrow |
| 26:33 | Research | Wheelbarrow |
| 26:52 | Create | Villager (Male) |
| 26:52 | Create | Villager (Male) |
| 26:52 | Create | Villager (Male) |
| 27:15 | Create | Villager (Male) |
| 27:15 | Create | Villager (Male) |
| 27:18 | Build | Town Center |
| 27:43 | Create | Villager (Male) |
| 27:44 | Create | Villager (Male) |
| 28:02 | Create | Villager (Male) |
| 28:02 | Create | Villager (Male) |
| 28:04 | Build | Farm |
| 28:04 | Build | Farm |
| 28:04 | Build | Farm |
| 28:04 | Build | Farm |
| 28:05 | Build | Farm |
| 28:05 | Build | Farm |
Build order — 尼爾
First 150 of 282 actions detected
| 0:10 | Build | Town Center |
| 0:45 | Build | Dock |
| 0:47 | Build | House |
| 2:31 | Create | Villager (Male) ×4 |
| 2:31 | Create | Villager (Male) ×4 |
| 3:37 | Create | Fishing Ship |
| 3:49 | Create | Villager (Male) |
| 4:01 | Build | House |
| 4:34 | Create | Villager (Male) |
| 4:35 | Create | Villager (Male) |
| 4:57 | Create | Villager (Male) |
| 4:57 | Create | Villager (Male) |
| 4:58 | Create | Fishing Ship |
| 5:15 | Build | House |
| 5:19 | Create | Villager (Male) |
| 5:19 | Create | Villager (Male) |
| 5:38 | Create | Villager (Male) |
| 5:57 | Create | Fishing Ship |
| 6:01 | Create | Villager (Male) |
| 6:31 | Create | Fishing Ship |
| 6:31 | Create | Villager (Male) |
| 6:51 | Create | Villager (Male) |
| 6:58 | Build | House |
| 6:59 | Create | Villager (Male) |
| 7:13 | Create | Fishing Ship |
| 7:52 | Create | Villager (Male) |
| 7:54 | Create | Villager (Male) |
| 7:55 | Create | Villager (Male) |
| 8:13 | Build | Mining Camp |
| 8:35 | Create | Fishing Ship |
| 8:48 | Research | Loom |
| 9:08 | Research | Feudal Age |
| 9:22 | Build | Lumber Camp |
| 10:12 | Build | Dock |
| 10:29 | Build | House |
| 10:34 | Create | Fishing Ship |
| 10:45 | Build | House |
| 10:48 | Create | Fishing Ship |
| 11:07 | Build | House |
| 11:14 | Build | House |
| 11:23 | Create | Villager (Male) |
| 11:23 | Create | Villager (Male) |
| 11:46 | Age | Feudal Age |
| 11:48 | Create | Galley |
| 11:48 | Create | Galley |
| 11:49 | Research | Double-Bit Axe |
| 12:13 | Create | Villager (Male) |
| 12:15 | Create | Galley |
| 12:15 | Create | Galley |
| 12:39 | Create | Galley |
| 12:39 | Create | Galley |
| 12:40 | Create | Villager (Male) |
| 12:51 | Create | Galley |
| 13:04 | Create | Villager (Male) |
| 13:19 | Build | House |
| 13:28 | Create | Galley |
| 13:28 | Create | Galley |
| 13:29 | Create | Villager (Male) |
| 13:38 | Create | Galley |
| 14:15 | Create | Villager (Male) |
| 14:21 | Build | Mill |
| 14:24 | Create | Villager (Male) |
| 14:25 | Create | Galley |
| 14:31 | Create | Galley |
| 14:50 | Create | Galley |
| 14:50 | Create | Galley |
| 14:51 | Create | Villager (Male) |
| 15:23 | Create | Galley |
| 15:23 | Create | Villager (Male) |
| 15:28 | Build | Market |
| 15:43 | Create | Galley |
| 15:43 | Create | Galley |
| 15:44 | Create | Villager (Male) |
| 16:05 | Create | Villager (Male) |
| 16:25 | Build | House |
| 16:27 | Build | House |
| 16:38 | Create | Galley |
| 16:46 | Build | Blacksmith |
| 17:08 | Build | House |
| 17:09 | Build | House |
| 17:16 | Create | Villager (Male) |
| 17:32 | Research | Castle Age |
| 17:40 | Create | Villager (Male) |
| 18:01 | Build | Dock |
| 18:19 | Create | Villager (Male) |
| 18:22 | Create | Galley |
| 18:22 | Create | Galley |
| 18:28 | Research | Fletching |
| 19:09 | Create | Galley |
| 19:09 | Create | Galley |
| 19:25 | Create | Fishing Ship |
| 19:40 | Research | Gold Mining |
| 20:04 | Create | Villager (Male) |
| 20:13 | Age | Castle Age |
| 20:18 | Research | War Galley (upgrade) |
| 20:23 | Research | Bodkin Arrow |
| 20:23 | Create | Villager (Male) |
| 20:28 | Build | Town Center |
| 20:39 | Build | Town Center |
| 20:50 | Create | Villager (Male) |
| 21:07 | Research | Bow Saw |
| 21:08 | Create | Villager (Male) |
| 21:21 | Create | Villager (Male) |
| 21:30 | Create | Villager (Male) |
| 21:58 | Create | Galley |
| 21:58 | Create | Galley |
| 21:58 | Create | Galley |
| 22:10 | Create | Villager (Male) |
| 22:11 | Create | Villager (Male) |
| 22:11 | Create | Villager (Male) |
| 22:13 | Create | Villager (Male) |
| 22:13 | Create | Villager (Male) |
| 22:21 | Create | Galley |
| 22:35 | Create | Galley |
| 22:39 | Create | Villager (Male) |
| 22:55 | Create | Villager (Male) |
| 22:55 | Create | Villager (Male) |
| 22:56 | Create | Villager (Male) |
| 22:56 | Create | Villager (Male) |
| 23:00 | Build | University |
| 23:04 | Build | Lumber Camp |
| 23:09 | Create | Villager (Male) |
| 23:10 | Create | Villager (Male) |
| 23:19 | Build | House |
| 23:20 | Build | House |
| 23:25 | Build | House |
| 23:25 | Build | House |
| 23:27 | Build | House |
| 23:32 | Create | Galley |
| 23:36 | Create | Villager (Male) |
| 23:37 | Create | Galley |
| 23:40 | Create | Fishing Ship |
| 23:53 | Research | Tech 908 |
| 24:00 | Create | Villager (Male) |
| 24:11 | Build | Farm |
| 24:11 | Build | Farm |
| 24:13 | Build | Farm |
| 24:14 | Build | Farm |
| 24:16 | Research | Horse Collar |
| 24:27 | Build | Farm |
| 24:28 | Build | Farm |
| 24:36 | Build | Lumber Camp |
| 24:42 | Create | Villager (Male) |
| 24:45 | Create | Villager (Male) |
| 24:56 | Create | Villager (Male) |
| 25:01 | Create | Galley |
| 25:03 | Create | Villager (Male) |
| 25:15 | Build | Farm |
| 25:16 | Build | Farm |
| 25:17 | Build | Farm |
Build order — Old_two
First 150 of 301 actions detected
| 0:10 | Build | Dock |
| 0:13 | Build | House |
| 0:22 | Build | Town Center |
| 1:40 | Build | House |
| 1:48 | Build | House |
| 2:19 | Build | House |
| 2:24 | Build | House |
| 2:36 | Build | House |
| 2:56 | Create | Villager (Male) |
| 2:56 | Create | Villager (Male) |
| 2:57 | Create | Villager (Male) |
| 2:57 | Create | Villager (Male) |
| 2:58 | Create | Villager (Male) |
| 3:21 | Create | Villager (Male) |
| 3:22 | Create | Villager (Male) |
| 4:22 | Research | Loom |
| 4:23 | Create | Villager (Male) |
| 5:04 | Create | Villager (Male) |
| 5:06 | Create | Villager (Male) |
| 5:06 | Create | Villager (Male) |
| 5:09 | Create | Fishing Ship |
| 5:10 | Create | Fishing Ship |
| 6:12 | Build | House |
| 6:20 | Build | House |
| 6:20 | Create | Villager (Male) |
| 6:21 | Create | Villager (Male) |
| 6:57 | Create | Villager (Male) |
| 7:09 | Create | Villager (Male) |
| 7:09 | Create | Villager (Male) |
| 7:18 | Create | Villager (Male) |
| 8:17 | Create | Villager (Male) |
| 8:17 | Create | Villager (Male) |
| 8:18 | Create | Villager (Male) |
| 8:28 | Create | Villager (Male) |
| 8:49 | Create | Fishing Ship |
| 8:49 | Create | Fishing Ship |
| 8:49 | Create | Fishing Ship |
| 9:04 | Create | Villager (Male) |
| 9:04 | Create | Villager (Male) |
| 9:05 | Create | Villager (Male) |
| 9:38 | Create | Villager (Male) |
| 9:39 | Create | Villager (Male) |
| 9:45 | Create | Villager (Male) |
| 9:45 | Create | Villager (Male) |
| 9:53 | Build | House |
| 10:08 | Build | House |
| 10:09 | Create | Villager (Male) |
| 10:10 | Create | Villager (Male) |
| 10:12 | Build | House |
| 10:13 | Build | House |
| 10:15 | Create | Villager (Male) |
| 10:15 | Create | Villager (Male) |
| 10:16 | Create | Villager (Male) |
| 10:16 | Create | Villager (Male) |
| 10:17 | Create | Villager (Male) |
| 10:54 | Create | Villager (Male) |
| 10:54 | Create | Villager (Male) |
| 10:54 | Create | Villager (Male) |
| 10:59 | Build | House |
| 11:03 | Create | Villager (Male) |
| 11:03 | Create | Villager (Male) |
| 11:19 | Build | Lumber Camp |
| 11:46 | Create | Villager (Male) |
| 11:47 | Create | Villager (Male) |
| 12:10 | Build | Mill |
| 12:28 | Create | Villager (Male) |
| 12:31 | Create | Fishing Ship |
| 12:41 | Create | Fishing Ship |
| 12:59 | Create | Villager (Male) |
| 13:10 | Build | Palisade Gate |
| 13:16 | Build | Palisade Wall |
| 13:27 | Create | Villager (Male) |
| 13:28 | Create | Villager (Male) |
| 13:47 | Build | Palisade Wall |
| 13:50 | Build | Palisade Wall |
| 13:52 | Build | Palisade Wall |
| 14:02 | Research | Feudal Age |
| 14:02 | Research | Feudal Age |
| 14:35 | Build | Mining Camp |
| 14:42 | Build | Barracks |
| 14:43 | Create | Villager (Male) |
| 14:50 | Build | Palisade Wall |
| 15:04 | Create | Villager (Male) |
| 15:05 | Create | Villager (Male) |
| 15:32 | Create | Villager (Male) |
| 15:33 | Create | Villager (Male) |
| 15:33 | Create | Villager (Male) |
| 15:41 | Build | Dock |
| 15:51 | Create | Villager (Male) |
| 15:51 | Create | Villager (Male) |
| 16:12 | Age | Feudal Age |
| 16:23 | Build | Watch Tower |
| 16:23 | Create | Villager (Male) |
| 16:24 | Create | Villager (Male) |
| 16:26 | Build | Blacksmith |
| 16:59 | Research | Double-Bit Axe |
| 16:59 | Research | Double-Bit Axe |
| 17:06 | Build | Watch Tower |
| 17:13 | Research | Fletching |
| 17:13 | Research | Fletching |
| 17:25 | Create | Villager (Male) |
| 17:25 | Create | Villager (Male) |
| 17:25 | Create | Villager (Male) |
| 17:50 | Create | Villager (Male) |
| 17:50 | Create | Villager (Male) |
| 17:58 | Build | Archery Range |
| 18:08 | Create | Villager (Male) |
| 18:08 | Create | Villager (Male) |
| 18:39 | Build | Archery Range |
| 18:55 | Create | Villager (Male) |
| 18:55 | Create | Villager (Male) |
| 18:56 | Create | Villager (Male) |
| 18:56 | Create | Villager (Male) |
| 19:00 | Create | Fishing Ship |
| 19:01 | Create | Fishing Ship |
| 19:09 | Create | Fishing Ship |
| 19:10 | Create | Villager (Male) |
| 19:11 | Create | Villager (Male) |
| 19:12 | Create | Archer |
| 19:12 | Create | Archer |
| 19:47 | Create | Archer |
| 19:47 | Create | Archer |
| 19:47 | Create | Archer |
| 19:48 | Create | Archer |
| 20:08 | Create | Archer |
| 20:09 | Create | Archer |
| 20:09 | Create | Archer |
| 20:41 | Create | Villager (Male) |
| 20:41 | Create | Villager (Male) |
| 20:41 | Create | Villager (Male) |
| 20:42 | Create | Villager (Male) |
| 20:45 | Create | Villager (Male) |
| 20:48 | Create | Villager (Male) |
| 21:03 | Build | Lumber Camp |
| 21:06 | Create | Archer |
| 21:06 | Create | Archer |
| 21:15 | Create | Archer |
| 21:22 | Build | House |
| 21:28 | Build | Watch Tower |
| 21:42 | Build | Lumber Camp |
| 22:24 | Create | Archer |
| 22:25 | Create | Archer |
| 22:25 | Create | Archer |
| 22:26 | Create | Villager (Male) |
| 22:27 | Create | Villager (Male) |
| 22:27 | Create | Villager (Male) |
| 22:28 | Create | Villager (Male) |
| 22:29 | Build | House |
| 22:31 | Build | House |
| 22:32 | Build | House |
Match timeline
| 0:10 | Old_two · first_building Dock |
| 0:45 | 尼爾 · first_building Dock |
| 0:56 | BøM_八府巡案包龍星 · first_building Dock |
| 1:05 | Xiang914 · first_building Dock |
| 1:06 | Sein · first_building Dock |
| 1:09 | IamSheuu · first_building Dock |
| 1:22 | DS_lord dekko · first_building Dock |
| 1:26 | SKYRIM · first_building Dock |
| 1:35 | Xiang914 · wall_segment Palisade Wall x1 |
| 1:36 | Xiang914 · wall_segment Palisade Wall x1 |
| 1:37 | Xiang914 · wall_segment Palisade Wall x1 |
| 2:27 | Sein · wall_segment Palisade Wall x1 |
| 4:00 | Sein · wall_segment Palisade Wall x1 |
| 9:27 | SKYRIM · wall_segment Palisade Wall x1 |
| 9:32 | SKYRIM · wall_segment Palisade Wall x1 |
| 11:24 | Sein · first_building Barracks |
| 11:35 | SKYRIM · wall_segment Palisade Wall x1 |
| 11:46 | 尼爾 · age_up feudal |
| 12:09 | DS_lord dekko · wall_segment Palisade Wall x5 |
| 12:20 | Xiang914 · wall_segment Palisade Wall x1 |
| 12:22 | Xiang914 · wall_segment Palisade Wall x1 |
| 12:26 | Xiang914 · wall_segment Palisade Wall x1 |
| 12:28 | Xiang914 · wall_segment Palisade Wall x1 |
| 12:32 | Xiang914 · wall_segment Palisade Wall x1 |
| 12:33 | DS_lord dekko · age_up feudal |
| 12:34 | Xiang914 · wall_segment Palisade Wall x1 |
| 12:36 | Xiang914 · wall_segment Palisade Wall x1 |
| 12:38 | Xiang914 · wall_segment Palisade Wall x1 |
| 12:39 | Xiang914 · wall_segment Palisade Wall x1 |
| 12:56 | DS_lord dekko · wall_segment Palisade Wall x10 |
| 13:00 | Xiang914 · first_building Barracks |
| 13:16 | Old_two · wall_segment Palisade Wall x3 |
| 13:47 | IamSheuu · age_up feudal |
| 13:47 | Old_two · wall_segment Palisade Wall x1 |
| 13:50 | Old_two · wall_segment Palisade Wall x1 |
| 13:52 | Old_two · wall_segment Palisade Wall x1 |
| 13:58 | Sein · age_up feudal |
| 13:58 | Xiang914 · age_up feudal |
| 14:01 | BøM_八府巡案包龍星 · age_up feudal |
| 14:02 | Sein · first_building Archery Range |
| 14:04 | Xiang914 · first_building Stable |
| 14:27 | Xiang914 · wall_segment Palisade Wall x1 |
| 14:42 | Old_two · first_building Barracks |
| 14:50 | Old_two · wall_segment Palisade Wall x1 |
| 15:03 | IamSheuu · first_building Barracks |
| 15:07 | IamSheuu · wall_segment Palisade Wall x5 |
| 15:28 | Xiang914 · wall_segment Stone Wall x1 |
| 15:29 | Xiang914 · wall_segment Stone Wall x1 |
| 16:12 | Old_two · age_up feudal |
| 16:37 | SKYRIM · age_up feudal |
| 16:42 | BøM_八府巡案包龍星 · wall_segment Palisade Wall x5 |
| 16:45 | BøM_八府巡案包龍星 · wall_segment Palisade Wall x1 |
| 16:50 | BøM_八府巡案包龍星 · wall_segment Palisade Wall x1 |
| 16:51 | BøM_八府巡案包龍星 · wall_segment Palisade Wall x1 |
| 16:52 | BøM_八府巡案包龍星 · wall_segment Palisade Wall x1 |
| 16:57 | IamSheuu · first_market_buy 100 wood |
| 17:04 | SKYRIM · first_building Barracks |
| 17:05 | BøM_八府巡案包龍星 · wall_segment Palisade Wall x1 |
| 17:06 | BøM_八府巡案包龍星 · wall_segment Palisade Wall x1 |
| 17:23 | IamSheuu · age_up castle |
| 17:28 | Sein · wall_segment Stone Wall x1 |
| 17:58 | Old_two · first_building Archery Range |
| 18:27 | Xiang914 · first_building Archery Range |
| 19:24 | DS_lord dekko · age_up castle |
| 19:32 | BøM_八府巡案包龍星 · wall_segment Palisade Wall x1 |
| 20:13 | 尼爾 · age_up castle |
| 20:28 | DS_lord dekko · first_market_sell 100 food |
| 20:29 | DS_lord dekko · first_market_buy 100 stone |
| 20:36 | SKYRIM · wall_segment Palisade Wall x1 |
| 20:41 | SKYRIM · wall_segment Palisade Wall x7 |
| 20:47 | DS_lord dekko · first_building Castle |
| 21:06 | 尼爾 · first_market_sell 100 food |
| 21:06 | 尼爾 · first_market_buy 100 wood |
| 21:11 | SKYRIM · first_market_sell 100 wood |
| 21:13 | SKYRIM · first_market_buy 100 stone |
| 21:38 | BøM_八府巡案包龍星 · wall_segment Palisade Wall x12 |
| 21:50 | IamSheuu · wall_segment Palisade Wall x1 |
| 21:56 | IamSheuu · wall_segment Palisade Wall x1 |
| 22:01 | SKYRIM · wall_segment Palisade Wall x1 |
| 22:01 | SKYRIM · wall_segment Palisade Wall x1 |
| 22:02 | SKYRIM · wall_segment Palisade Wall x1 |
| 22:02 | SKYRIM · wall_segment Palisade Wall x1 |
| 22:04 | SKYRIM · wall_segment Palisade Wall x1 |
| 22:04 | SKYRIM · wall_segment Palisade Wall x1 |
| 22:05 | SKYRIM · wall_segment Palisade Wall x1 |
| 22:05 | SKYRIM · wall_segment Palisade Wall x1 |
| 22:09 | BøM_八府巡案包龍星 · age_up castle |
| 22:13 | SKYRIM · wall_segment Palisade Wall x1 |
| 22:17 | DS_lord dekko · wall_segment Palisade Wall x1 |
| 22:20 | DS_lord dekko · wall_segment Palisade Wall x1 |
| 22:21 | DS_lord dekko · wall_segment Palisade Wall x1 |
| 22:38 | IamSheuu · wall_segment Palisade Wall x2 |
| 22:39 | Old_two · wall_segment Palisade Wall x1 |
| 22:49 | IamSheuu · first_building Siege Workshop |
| 23:18 | SKYRIM · wall_segment Palisade Wall x1 |
| 24:17 | BøM_八府巡案包龍星 · first_building Siege Workshop |
| 24:20 | Xiang914 · age_up castle |
| 24:22 | Xiang914 · first_building Siege Workshop |
| 24:34 | SKYRIM · wall_segment Palisade Wall x1 |
| 24:37 | SKYRIM · wall_segment Palisade Wall x1 |
| 24:41 | BøM_八府巡案包龍星 · wall_segment Palisade Wall x1 |
| 25:04 | Sein · first_market_buy 500 food |
| 25:19 | DS_lord dekko · first_building Siege Workshop |
| 25:57 | SKYRIM · wall_segment Palisade Wall x1 |
| 26:10 | BøM_八府巡案包龍星 · wall_segment Palisade Wall x12 |
| 26:17 | IamSheuu · first_market_sell 100 wood |
| 26:21 | Xiang914 · first_building Castle |
| 27:46 | Old_two · first_market_sell 500 wood |
| 27:49 | Old_two · first_market_buy 100 food |
| 28:15 | DS_lord dekko · wall_segment Palisade Wall x8 |
| 28:45 | SKYRIM · wall_segment Palisade Wall x1 |
| 28:52 | IamSheuu · first_building Stable |
| 29:16 | Sein · age_up castle |
| 29:21 | Sein · first_building Castle |
| 29:27 | Sein · first_market_sell 100 wood |
| 29:52 | SKYRIM · wall_segment Palisade Wall x5 |
| 30:12 | BøM_八府巡案包龍星 · first_building Castle |
| 31:00 | Old_two · age_up castle |
| 31:03 | Old_two · first_building Castle |
| 31:22 | Sein · wall_segment Stone Wall x8 |
| 31:31 | Sein · wall_segment Stone Wall x9 |
| 31:36 | SKYRIM · wall_segment Stone Wall x4 |
| 31:40 | SKYRIM · age_up castle |
| 31:46 | SKYRIM · first_building Siege Workshop |
| 31:53 | Sein · first_building Siege Workshop |
| 32:01 | Xiang914 · wall_segment Palisade Wall x1 |
| 32:01 | 尼爾 · first_building Siege Workshop |
| 32:04 | Xiang914 · wall_segment Palisade Wall x1 |
| 32:05 | 尼爾 · first_building Barracks |
| 32:17 | Sein · wall_segment Stone Wall x1 |
| 32:23 | BøM_八府巡案包龍星 · wall_segment Stone Wall x18 |
| 32:28 | BøM_八府巡案包龍星 · wall_segment Stone Wall x6 |
| 32:31 | Xiang914 · age_up imperial |
| 32:38 | Xiang914 · first_market_buy 100 wood |
| 32:45 | Xiang914 · first_market_sell 500 food |
| 32:54 | 尼爾 · first_building Stable |
| 32:56 | 尼爾 · first_building Archery Range |
| 34:08 | IamSheuu · resign |
| 36:09 | 尼爾 · first_building Castle |
| 36:16 | 尼爾 · age_up imperial |
| 36:48 | SKYRIM · wall_segment Stone Wall x1 |
| 36:50 | SKYRIM · wall_segment Stone Wall x1 |
[ AI ANALYSIS · 1 CREDIT ]
What really happened in this match?
Wolo.gg analyzes every decision: build order, eco, micro, common mistakes by bracket. Personalized analysis on WhatsApp or Discord in 30 seconds.
Civ guide
Vikings
Map guide
Nomad
Perfil
Jugador #5677284